 Dungeon Crawl Stone Soup version 0.14.2 (webtiles) character file.

713 Amnesiac the Prestidigitator (level 7, 0/32 HPs)
             Began as a Spriggan Artificer on Feb 4, 2018.
             Slain by a guardian mummy (22 damage)
             ... in an ossuary.
             The game lasted 00:08:03 (2660 turns).

Amnesiac the Prestidigitator (Spriggan Artificer)   Turns: 2660, Time: 00:08:04

HP   0/32        AC 10     Str  7      XL: 7   Next: 24%
MP  23/23        EV 18     Int 13      God:
Gold 81          SH  0     Dex 19      Spells:  0 memorised,  6 levels left

rFire  . . .     SeeInvis +     a - +0 quarterstaff (protect)
rCold  . . .     Clarity  .     j - +2 robe {MR+}
rNeg   . . .     Conserve .     (shield restricted)
rPois  .         rCorr    .     (helmet restricted)
rElec  .         rRot     .     D - +0 cloak
SustAb . .       Spirit   .     (gloves unavailable)
rMut   .         Warding  .     (boots unavailable)
Saprov . . .     Stasis   .     u - amulet of the gourmand {unknown}
MR     ++...                    (no ring)
                                v - cursed ring of flight

@: very quick, very resistant to hostile enchantments, fairly stealthy
A: unfitting armour, see invisible, herbivore 3, speed 3, slow metabolism 2
a: Evoke Flight


You were in an ossuary.
You were not hungry.

You visited 1 branch of the dungeon, and saw 5 of its levels.
You also visited: Ossuary.

You collected 81 gold pieces.

Inventory:

Hand weapons
 a - a +0,+0 quarterstaff of protection (weapon)
 b - a +1,+2 sling of frost
Missiles
 z - 4 curare-tipped needles
 A - 50 stones (quivered)
Armour
 j - a +2 robe of magic resistance (worn)
 n - a +0 cloak
 D - a +0 cloak (worn)
 I - a +1 leather armour of cold resistance
 L - a +0 robe
Magical devices
 c - a wand of enslavement (13)
 d - a wand of random effects (1)
 B - a wand of flame (3)
 E - a wand of disintegration (8)
 G - a wand of flame (9)
Comestibles
 g - 13 strawberries
 h - a slice of pizza
 m - 2 meat rations
Scrolls
 e - a scroll of blinking {!r, unknown}
 k - 7 scrolls of identify {!r, unknown}
 l - 2 scrolls of immolation {!r, unknown}
 o - 2 scrolls of teleportation {!r, unknown}
 p - a scroll of random uselessness {!r, unknown}
 y - 3 scrolls of remove curse {!r, unknown}
Jewellery
 u - an amulet of the gourmand (around neck) {unknown}
 v - a cursed ring of flight (left hand)
Potions
 f - a potion of porridge {!q}
 i - a potion of magic {!q, unknown}
 q - a potion of decay {!q, unknown}
 r - a potion of restore abilities {!q, unknown}
 s - a potion of agility {!q, unknown}
 t - a potion of might {!q, unknown}
 w - 5 potions of heal wounds {!q, unknown}
 x - 2 potions of curing {!q, unknown}
 C - a potion of resistance {!q, unknown}
 F - a potion of invisibility {!q, unknown}
 H - a potion of berserk rage {!q, unknown}
 J - a potion of cure mutation {!q, unknown}


   Skills:
 - Level 0.7 Fighting
   Level 1.1 Short Blades
 - Level 3.0 Dodging
 - Level 1.5 Stealth
 + Level 11.6 Evocations


You had 6 spell levels left.
You didn't know any spells.

Dungeon Overview and Level Annotations

Branches:
Dungeon (5/15)
 Temple: D:4-7

Altars:
Cheibriados
Elyvilon
Yredelemnul


Innate Abilities, Weirdness & Mutations

You are tiny and cannot use many weapons and most armour.
You have supernaturally acute eyesight.
You are a herbivore.
You cover ground extremely quickly.
You need consume almost no food.


Message History

Here: a guardian mummy An open door.
You sock the guardian mummy!
The guardian mummy is lightly damaged.
The guardian mummy closely misses you.
You hit the guardian mummy but do no damage.
The guardian mummy is lightly damaged.
The guardian mummy completely misses you.
Evoke which item? (* to show all) (? for menu, Esc to quit)
Zapping:
G - a wand of flame
Press: ? - help, Shift-Dir - straight line, f - guardian mummy
Aim: a guardian mummy (lightly damaged)
The puff of flame hits the guardian mummy.
The guardian mummy is moderately damaged.
Your skill with magical items lets you calculate the power of this device...
This wand has 11 charges left.
Press: ? - help, v - describe, . - travel
Here: a guardian mummy (moderately damaged)
The floor.
Unknown command.
Evoke which item? (* to show all) (? for menu, Esc to quit)
Zapping:
c - a wand of enslavement (13)
Press: ? - help, Shift-Dir - straight line, f/p - guardian mummy
Aim: a guardian mummy (moderately damaged)
Okay, then.
Evoke which item? (* to show all) (? for menu, Esc to quit)
Zapping:
G - a wand of flame (11)
Press: ? - help, Shift-Dir - straight line, f/p - guardian mummy
Aim: a guardian mummy (moderately damaged)
The puff of flame misses the guardian mummy.
This wand has 10 charges left.
Evoke which item? (* to show all) (? for menu, Esc to quit)
Zapping:
E - a lead wand
Press: ? - help, Shift-Dir - straight line, f/p - guardian mummy
Aim: a guardian mummy (moderately damaged)
The guardian mummy is blasted.
E - a wand of disintegration {zapped: 1} Evoke which item? (* to show all) (? for menu, Esc to quit)
Zapping:
G - a wand of flame (10)
Press: ? - help, Shift-Dir - straight line, f/p - guardian mummy
Aim: a guardian mummy (severely damaged)
The puff of flame hits the guardian mummy.
The guardian mummy is almost destroyed.
This wand has 9 charges left.
You hit the guardian mummy.
The guardian mummy is almost destroyed.
The guardian mummy closely misses you.
You closely miss the guardian mummy.
The guardian mummy is almost destroyed.
The guardian mummy hits you!
You hit the guardian mummy.
The guardian mummy is almost destroyed.
The guardian mummy barely misses you.
You barely miss the guardian mummy.
The guardian mummy is almost destroyed.
The guardian mummy misses you.
You hit the guardian mummy.
The guardian mummy is almost destroyed.
The guardian mummy barely misses you.
You barely miss the guardian mummy.
The guardian mummy is almost destroyed.
The guardian mummy hits you!
Ouch! That really hurt!
You die...

#.. .... .... . #.+
#..# #..# +.# #.# #..#
#..# #.# ###
#.###..###..###.# #z#
#...............#
###▓###.###.......# #.#
'.....'.# #.......# #.#
###▓###.###.......###.#
#M# #.........@M....#
### #.###..###..###.#
#.# #..#z#..#.#.#
#.+##..###..##'.#
#...............#
#################


You could see a guardian mummy.

Vanquished Creatures
  Edmund (D:4)
  Menkaure (D:4)
  An ogre (D:5)
  Sigmund (D:4)
  3 scorpions
  The ghost of Grimoiregrey the Cudgeler, a weakling MiFi (D:3)
  A hound (D:4)
  Crazy Yiuf (D:4)
  An iguana (D:4)
  A shadow imp (D:4)
  A worm (D:4)
  An adder zombie (Ossuary)
  An orc (D:4)
  A bat (D:5)
  A giant cockroach (D:3)
  2 goblins (D:4)
  A hobgoblin (D:5)
  2 jackals (D:2)
  3 kobolds
  A giant gecko skeleton (D:4)
  A giant newt (D:4)
  2 hobgoblin skeletons (Ossuary)
  3 hobgoblin zombies (Ossuary)
  A kobold zombie (Ossuary)
  2 orc skeletons (Ossuary)
  2 orc zombies
  3 rats (D:4)
40 creatures vanquished.

Vanquished Creatures (collateral kills)
  An adder (D:4)
  A giant cockroach (D:4)
  A hobgoblin (D:4)
  A quokka (D:4)
4 creatures vanquished.

Grand Total: 44 creatures vanquished

Notes
Turn   | Place    | Note
--------------------------------------------------------------
     0 | D:1      | Amnesiac, the Spriggan Artificer, began the quest for the Orb.
     0 | D:1      | Reached XP level 1. HP: 9/9 MP: 2/2
   254 | D:2      | Found a basalt altar of Yredelemnul.
   334 | D:3      | Noticed Grimoiregrey's ghost (weakling MiFi)
   343 | D:3      | Killed Grimoiregrey's ghost
   343 | D:3      | Reached skill level 6 in Evocations
   343 | D:3      | Reached XP level 2. HP: 14/14 MP: 4/6
   343 | D:3      | Reached XP level 3. HP: 17/17 MP: 6/9
   387 | D:4      | Noticed Edmund
   527 | D:4      | Noticed Menkaure
   555 | D:4      | Killed Menkaure
   555 | D:4      | Reached skill level 7 in Evocations
   555 | D:4      | Reached XP level 4. HP: 12/21 MP: 13/13
   672 | D:3      | Found a snail-covered altar of Cheibriados.
   834 | D:4      | Reached skill level 8 in Evocations
   834 | D:4      | Reached XP level 5. HP: 25/25 MP: 16/16
   871 | D:4      | Noticed a scorpion
  1049 | D:4      | Killed a scorpion
  1562 | D:4      | Noticed a scorpion
  1565 | D:4      | Reached skill level 9 in Evocations
  1576 | D:4      | Killed a scorpion
  1733 | D:4      | Reached XP level 6. HP: 29/29 MP: 20/20
  1744 | D:4      | Noticed Sigmund
  1831 | D:4      | Killed Sigmund
  1831 | D:4      | Reached skill level 10 in Evocations
  1889 | D:4      | Found a white marble altar of Elyvilon.
  1934 | D:4      | Killed Edmund
  2093 | D:4      | Noticed Crazy Yiuf
  2096 | D:4      | Killed Crazy Yiuf
  2334 | D:5      | Entered Level 5 of the Dungeon
  2394 | D:5      | Reached skill level 11 in Evocations
  2394 | D:5      | Reached XP level 7. HP: 32/32 MP: 21/23
  2462 | D:5      | Found a sand-covered staircase.
  2487 | Ossuary  | Entered an ossuary
  2599 | Ossuary  | Noticed a flying skull
  2599 | Ossuary  | Noticed a guardian mummy
  2631 | Ossuary  | Noticed a flying skull
  2641 | Ossuary  | Noticed a guardian mummy
  2660 | Ossuary  | Slain by a guardian mummy

Action                   |  1- 3 |  4- 6 |  7- 9 || total
-------------------------+-------+-------+-------++-------
Melee: Short sword       |    14 |       |       ||    14
       Quarterstaff      |       |    48 |    35 ||    83
 Fire: Sling             |       |    82 |     8 ||    90
Throw: Dart              |       |     3 |       ||     3
Evoke: Wand              |     7 |    19 |     6 ||    32
 Stab: Sleeping          |       |     3 |     6 ||     9
